 Dungeon Crawl Stone Soup version 0.26-a0-652-gafc20e3620 (webtiles) character file.

Game seed: 4061165720319258873

18 ringo67 the Insei (level 2, 0/18 HPs)
             Began as an Octopode Transmuter on Oct 3, 2020.
             Succumbed to an adder's poison
             ... on level 2 of the Dungeon.
             The game lasted 00:01:04 (707 turns).

ringo67 the Insei (Octopode Transmuter)              Turns: 707, Time: 00:01:05

Health: 0/18       AC:  1    Str:  9    XL:     2   Next: 70%
Magic:  5/5        EV: 13    Int: 15    God:
Gold:   43         SH:  0    Dex: 12    Spells: 4/5 levels left

rFire    . . .     SeeInvis .     - Unarmed
rCold    . . .     Faith    .   (no shield)
rNeg     . . .     Spirit   .   (helmet restricted)
rPois    .         Reflect  .   (no amulet)
rElec    .         Harm     .   (no ring)
rCorr    .         Rampage  .   (no ring)
MR       .....                  (no ring)
Stlth    ++........             (no ring)
HPRegen  0.06/turn              (no ring)
MPRegen  0.09/turn              (no ring)
                                (no ring)
                                (no ring)

@: lethally poisoned (0 -> -5)
A: almost no armour, stealthy swim, amphibious, 8 rings, constrict 8, camouflage
1, gelatinous body 1
a: no special abilities


You were on level 2 of the Dungeon.
You visited 1 branch of the dungeon, and saw 2 of its levels.

You collected 43 gold pieces.

Inventory:

Missiles
 a - 15 poisoned darts (quivered)
Scrolls
 e - a scroll of teleportation {unknown}
Potions
 b - a potion of ambrosia {unknown}
 c - 3 potions of heal wounds {unknown}
 d - a potion of curing {unknown}


   Skills:
 + Level 1.5 Fighting
 - Level 2.0 Dodging
 * Level 3.4 Unarmed Combat
 - Level 2.0 Spellcasting
 + Level 2.3 Transmutations


You had 4 spell levels left.
You knew the following spells:

 Your Spells              Type           Power        Failure   Level
a - Beastly Appendage     Tmut           #.....       9%          1

Your spell library contained the following spells:

 Spells                   Type           Power        Failure   Level
 Wereblood                Tmut           #.......     13%         2
 Spider Form              Tmut/Pois      #.........   38%         3
 Ice Form                 Ice/Tmut       #.......     80%         4
 Blade Hands              Tmut           #.........   94%         5


Dungeon Overview and Level Annotations

Branches:
Dungeon (2/15)

Altars:
Xom
Zin


Innate Abilities, Weirdness & Mutations

You cannot wear most types of armour.
You are very stealthy in the water. (Stealth+)
You are amphibious.
You can wear up to eight rings at the same time.
You can use your tentacles to constrict eight enemies at once.
Your skin changes colour to match your surroundings (Stealth+).
Your rubbery body absorbs attacks. (AC +1, EV +1)


Message History

An adder comes into view.
You barely miss the orc. Your grab misses the orc. The orc misses you.
You tentacle-slap the adder but do no damage.
Your grab misses the adder. The adder bites you.
The orc hits you with a +0 club.
* * * LOW HITPOINT WARNING * * *
The adder bites you.
* * * LOW HITPOINT WARNING * * *
You are lethally poisoned!
The adder poisons you!
You are too injured to fight recklessly!
You are too injured to fight recklessly!
You are too injured to fight recklessly!
You are too injured to fight recklessly!
You are too injured to fight recklessly!
You are too injured to fight recklessly!
You are too injured to fight recklessly!
You tentacle-slap the adder but do no damage.
Your grab misses the adder.
You die...

#.#..#....##
#.#..#.#### ##
#####.#..#.# .#
......#..#.## .#
#####.#..#.##.###.##
#####.#..#.##.#....#
....#.#.....#......#
.....#.#######....#
.............)..@o.#
##.#....########S..#
##.###### ....# .#<#
#....# .'.# .....#
.###### ##.#..#
......# #. ..#
#####[# #. ...
....†.#######


You could see an adder and an orc.

Vanquished Creatures
  A leopard gecko (D:2)
  3 bats (D:1)
  4 goblins
  A hobgoblin (D:1)
  4 kobolds
  A frilled lizard (D:1)
  2 rats (D:1)
16 creatures vanquished.

Notes
Turn   | Place    | Note
-------+----------+-------------------------------------------
     0 | D:1      | ringo67 the Octopode Transmuter began the quest for the
                  | Orb.
     0 | D:1      | Reached XP level 1. HP: 13/13 MP: 3/3
   233 | D:1      | Reached XP level 2. HP: 17/18 MP: 5/5
   542 | D:2      | Found a glowing silver altar of Zin.
   542 | D:2      | Noticed an angel
   543 | D:2      | Found a shimmering altar of Xom.
   707 | D:2      | Succumbed to an adder's poison

Illustrated notes

Levels and vault maps discovered:
D:1:      minmay_arrival_glassed_features, layout_rooms, minmay_misc_feat_chi
D:2:      minmay_chambers_of_twos, layout_basic,
          grunt_temple_overflow_order_and_chaos_1, overflow_temple_1_default,
          uniq_terence

Action                   || total
-------------------------++-------
Melee: Unarmed           ||    35
       Constrict         ||     8
       Tentacles         ||     7
       Punch             ||     1
 Stab: Sleeping          ||     1
Armor: Skin              ||     1
Dodge: Dodged            ||    17

Table legend: (Time is in decaauts)
 A = Elapsed time spent in this place.
 B = Non-inter-level travel time spent in this place.
 C = Inter-level travel time spent in this place.
 D = Time resting spent in this place.
 E = Time spent auto-exploring this place.
 F = Levels seen in this place.
 G = Mean time per level.
                   A        B        C        D        E       F      G
               +--------+--------+--------+--------+--------+-----+--------+
         Total |    704 |    687 |     17 |      2 |    573 |   2 |  352.0 |
       Dungeon |    704 |    687 |     17 |      2 |    573 |   2 |  352.0 |
               +--------+--------+--------+--------+--------+-----+--------+

Top non-repeatable levels by time:
     D:1: 532 daAuts
     D:2: 172 daAuts
